 Dungeon Crawl Stone Soup version 0.28.0-43-g3370ac3207 (webtiles) character file.

Game seed: 8863041315561685607

578 fragbeetle the Changer (level 7, 52/52 HPs)
             Began as a Yellow Draconian Transmuter on Mar 9, 2022.
             Quit the game on level 5 of the Dungeon.
             The game lasted 00:05:55 (5373 turns).

fragbeetle the Changer (DrTm)                       Turns: 5373, Time: 00:05:56

Health: 52/52      AC:  8    Str: 14    XL:     7   Next: 13%
Magic:  10/10      EV: 12    Int: 14    God:
Gold:   119        SH:  0    Dex: 11    Spells: 2/10 levels left

rFire   + . .      SeeInvis .     - Unarmed
rCold   . . .      Faith    .   (no shield)
rNeg    . . .      Spirit   .   (armour unavailable)
rPois   .          Reflect  .   (helmet restricted)
rElec   .          Harm     .   u - +1 cloak
rCorr   +          Rampage  .   (no gloves)
Will    .....                   (no boots)
Stlth   +.........              (no amulet)
HPRegen 0.17/turn               j - ring of protection from fire
MPRegen 0.12/turn               (no ring)

@: no status effects
A: spit acid, AC +6, unfitting armour, cold-blooded, acid resistance
a: Breathe Acid


You were on level 5 of the Dungeon.
You visited 1 branch of the dungeon, and saw 5 of its levels.

You collected 216 gold pieces.
You spent 97 gold pieces at shops.

Inventory:

Hand Weapons
 m - a +0 war axe of electrocution
Missiles
 o - 6 poisoned darts
Armour
 u - a +1 cloak (worn)
Magical Staves
 c - a staff of earth
Jewellery
 j - a ring of protection from fire (left hand)
Scrolls
 a - 3 scrolls of teleportation {unknown}
 b - 4 scrolls of fear {unknown}
 f - 2 scrolls of identify {unknown}
 g - a scroll of summoning {unknown}
 h - a scroll of enchant weapon {unknown}
 i - a scroll of silence {unknown}
 l - 2 scrolls of enchant armour
 p - a scroll of holy word {unknown}
 q - 2 scrolls of amnesia {unknown}
Potions
 e - a potion of lignification {unknown}
 k - a potion of might {unknown}
 n - a potion of heal wounds
 r - a potion of brilliance {unknown}
 s - a potion of degeneration {unknown}
 t - a potion of curing {unknown}


   Skills:
 - Level 1.1 Fighting
 - Level 1.7 Dodging
 - Level 3.0 Unarmed Combat
 - Level 2.0 Spellcasting
 + Level 6.8 Transmutations
 + Level 3.7 Ice Magic


You had 2 spell levels left.
You knew the following spells:

 Your Spells              Type           Power      Damage    Failure   Level
a - Beastly Appendage     Tmut           40%        N/A       1%          1
b - Spider Form           Tmut/Pois      10%        N/A       17%         3
c - Ice Form              Ice/Tmut       16%        N/A       26%         4

Your spell library contained the following spells:

 Spells                   Type           Power      Damage    Failure   Level
 Wereblood                Tmut           20%        N/A       2%          2
 Gell's Gravitas          Tloc           1%         N/A       56%         3
 Lesser Beckoning         Tloc           1%         N/A       56%         3
 Teleport Other           Tloc           1%         N/A       56%         3


Dungeon Overview and Level Annotations

Branches:
Dungeon (5/15)
 Temple: D:4-7

Altars:

Shops:
D:4 *


Innate Abilities, Weirdness & Mutations

You can spit globs of acid.
Your golden yellow scales are hard. (AC +6)
You cannot fit into any form of body armour.
You are cold-blooded and may be slowed by cold attacks.
You are resistant to acid. (rCorr)


Message History

The spell is quite dangerous to miscast (30% risk of failure)!
Continue anyway?
You miscast Ice Form.
You are very lightly contaminated with residual magic.
Nothing appears to happen.
Casting: Ice Form (quite dangerous; 30% risk of failure)
Confirm with . or Enter, or press ? or * to list all spells.
The spell is quite dangerous to miscast (30% risk of failure)!
Continue anyway?
You turn into a creature of crystalline ice.
Your +1 cloak melds into your body.
The ice beast barely misses you.
You hit the ice beast but do no damage. The ice beast hits you.
The ice beast freezes you. You resist.
You punch the ice beast!
The ice beast is heavily wounded.
The ice beast hits you but does no damage.
You punch the ice beast!
The ice beast is severely wounded.
The ice beast barely misses you.
You hit the ice beast but do no damage.
The ice beast is severely wounded.
The ice beast hits you. The ice beast freezes you. You resist.
You completely miss the ice beast.
The ice beast is severely wounded.
The ice beast hits you but does no damage.
You punch the ice beast!
You kill the ice beast!
Your magical contamination has completely faded away.
You have reached level 7!
Your scales start taking on a golden yellow colour.
You can spit globs of acid.
You feel resistant to acid.
Your transformation is almost over.
You warm up again.
Your +1 cloak unmelds from your body.
An ogre comes into view. It is wielding a +0 giant spiked club.
An ogre is nearby!
An ogre is nearby!
An ogre is nearby!
The ogre shouts!
Are you sure you want to abandon this character and quit the game? (Confirm with "yes".)

# #.### # ....
#. ## ##.# ...
# ##...# ...
......# ..#
.......########
#.######
#..O..@......#
#.#.....
##.##.######.#
#.#.#### #.
#.###.#.#### #.
#.....#.##.. ..
######...... ##
#..##.# #......
#.##... #.##.##


You could see an ogre.

Vanquished Creatures
  An orc warrior (D:5)
  An ice beast (D:5)
  An ogre (D:4)
  A water moccasin skeleton (D:5)
  A hound (D:4)
  3 iguanas
  An orc wizard (D:5)
  4 adders
  A worm (D:2)
  2 dart slugs (D:3)
  8 orcs
  10 endoplasms
  4 giant cockroaches
  9 goblins
  5 hobgoblins
  2 jackals (D:4)
  3 quokkas
  4 ball pythons
  7 bats
  5 frilled lizards
  5 kobolds
  4 rats
82 creatures vanquished.

Vanquished Creatures (others)
  A fungus (D:3)
  5 plants (D:3)
6 creatures vanquished.

Grand Total: 88 creatures vanquished

Notes
Turn   | Place    | Note
-------+----------+-------------------------------------------
     0 | D:1      | fragbeetle the Draconian Transmuter began the quest for the
                  | Orb.
     0 | D:1      | Reached XP level 1. HP: 16/16 MP: 3/3
   305 | D:1      | Reached XP level 2. HP: 18/23 MP: 3/5
   330 | D:1      | Reached skill level 3 in Transmutations
  1076 | D:2      | You fall into a shaft and drop 2 floors!
  1178 | D:4      | Reached XP level 3. HP: 28/28 MP: 4/6
  1250 | D:4      | Reached skill level 4 in Transmutations
  1395 | D:4      | Reached XP level 4. HP: 4/35 MP: 7/7
  1739 | D:4      | Noticed an ogre
  1762 | D:4      | Learned a level 3 spell: Spider Form
  1775 | D:4      | Killed an ogre
  1776 | D:4      | Reached skill level 5 in Transmutations
  1776 | D:4      | Reached XP level 5. HP: 40/40 MP: 4/8
  1782 | D:4      | Learned a level 4 spell: Ice Form
  2113 | D:4      | Found Zyqen's General Store.
  2123 | D:4      | Bought a scroll of enchant armour for 97 gold pieces
  2166 | D:4      | Reached skill level 1 in Ice Magic
  2852 | D:3      | Found a faded altar of an unknown god.
  3832 | D:2      | Reached XP level 6. HP: 47/47 MP: 7/9
  4315 | D:5      | Entered Level 5 of the Dungeon
  4322 | D:5      | Reached skill level 6 in Transmutations
  4340 | D:5      | Noticed an orc warrior
  4564 | D:5      | HP: 2/47 [orc warrior/+0 trident (10)]
  4565 | D:5      | Killed an orc warrior
  5272 | D:5      | Noticed an ice beast
  5282 | D:5      | Killed an ice beast
  5283 | D:5      | Your scales start taking on a golden yellow colour.
  5283 | D:5      | Reached XP level 7. HP: 52/52 MP: 2/10
  5283 | D:5      | Gained mutation: You are resistant to acid. (rCorr) [Yellow
                  | Draconian growth]
  5373 | D:5      | Quit the game

Illustrated notes

Levels and vault maps discovered:
D:1:      minmay_arrival_stair_chambers, layout_basic, minmay_pentomino_x4
D:2:      layout_loops_corners
D:3:      layout_basic, shapermc_ecumenical_altar_mp_ritualfount,
          minmay_hedge_maze, minmay_diced_spiral
D:4:      layout_loops_corners, serial_shops, nicolae_square_shop
D:5:      layout_loops_cross

Skill      XL: |  1  2  3  4  5  6 |
---------------+-------------------+-----
Transmutations | 3 4 5 6 |  6.8
Ice Magic      | 1 3 |  3.7
Fighting       | |  1.1
Dodging        | |  1.7
Unarmed Combat | |  3.0
Spellcasting   | |  2.0

Action                   |  1- 3 |  4- 6 |  7- 9 || total
-------------------------+-------+-------+-------++-------
Melee: Unarmed           |    87 |   160 |       ||   247
       Tailslap          |    10 |    14 |       ||    24
       Kick              |    16 |    31 |       ||    47
       Punch             |     2 |     3 |       ||     5
       Headbutt          |    13 |    18 |       ||    31
Throw: Dart              |       |     1 |       ||     1
 Cast: Beastly Appendage |    23 |    33 |       ||    56
       Spider Form       |       |     4 |       ||     4
       Ice Form          |       |     1 |       ||     1
  Use: Potion            |       |     1 |       ||     1
 Stab: Sleeping          |       |     1 |       ||     1
Armor: Skin              |    21 |    43 |       ||    64
Dodge: Dodged            |    47 |    83 |       ||   130
